 Dungeon Crawl Stone Soup version 0.32-a0-928-g1cae6b7ea0 (webtiles) character file.

Game seed: 7537901116565917916

18064 runemasterragnar the Grappler (level 12, -7/103 HPs)
             Began as a Purple Draconian Shapeshifter on Apr 13, 2024.
             Was an Elder of Ru.
             Shot with a bolt by an orc knight (25 damage)
             ... on level 2 of the Orcish Mines.
             The game lasted 00:21:16 (14042 turns).

runemasterragnar the Grappler (DrSh)               Turns: 14042, Time: 00:21:18

Health: -7/103     AC:  8    Str: 21    XL:     12   Next: 24%
Magic:  13/13      EV: 17    Int: 11    God:    Ru [****..]
Gold:   592        SH:  5    Dex: 11    Spells: 10/11 levels left

rFire   . .          .
                       - Unarmed
rCold   . . .        (no shield)
rNeg    . . .        (body armour unavailable)
rPois   .            (helmet restricted)
rElec   .            (no cloak)
rCorr   .            (no gloves)
SInv    +            (no boots)
Will    .....        v - amulet of reflection Stlth
                     i - +5 ring of evasion
HPRegen 0.00/turn    D - ring of see invisible
MPRegen 0.13/turn

%: reflection
@: maw-form, inhibited regen
A: devouring maw, nullifying breath, AC +8, unfitting armour, inhibited
regeneration, cold-blooded, no stealth, hated by all, weak-willed 1, high MP 1,
subdued magic 1
a: Nullifying Breath, Begin Untransformation, Renounce Religion, Draw Out Power,
Power Leap


You were on level 2 of the Orcish Mines.
You worshipped Ru.
Ru was greatly pleased with you.
You were a creature with a mouth for a stomach.
You visited 2 branches of the dungeon, and saw 14 of its levels.

You collected 721 gold pieces.
You spent 129 gold pieces at shops.

Inventory:

Hand Weapons
 s - the +8 whip of Luvucyoj {freeze, rElec rPois rC+}
   (You found it on level 6 of the Dungeon)

   rC+:       It protects you from cold.
   rElec:     It insulates you from electricity.
   rPois:     It protects you from poison.
 E - a +1 scimitar of flaming
Missiles
 a - a throwing net (quivered)
Armour
 o - a scarf of invisibility
Magical Staves
 y - a staff of earth
 A - the staff of the Viper {Fly rCorr Earth}
   (You found it on level 7 of the Dungeon)

   [staff of earth]

   Base accuracy: +5 Base damage: 5 Base attack delay: 1.2 This weapon's minimum
   attack delay (0.6) is reached at skill level 12.
   Fly:       It grants you flight.
   rCorr:     It protects you from acid and corrosion.
   Earth:     It increases the power of your Earth spells.
   It falls into the 'Staves' category.
   It is a one-handed weapon.
 B - the staff "Ostesuj" {^Fragile rF+ rN++ Str+3 Stlth+ Fire}
   (You took it off an orc wizard on level 9 of the Dungeon)

   [staff of fire]

   Base accuracy: +5 Base damage: 5 Base attack delay: 1.2 This weapon's minimum
   attack delay (0.6) is reached at skill level 12.
   Str+3:     It affects your strength (+3).
   rF+:       It protects you from fire.
   rN++:      It greatly protects you from negative energy.
   ^Fragile:  It will be destroyed if unequipped.
   Stlth+:    It makes you more stealthy.
   Fire:      It increases the power of your Fire spells.
   It falls into the 'Staves' category.
   It is a one-handed weapon.
Jewellery
 g - a ring of wizardry
 i - a +5 ring of evasion (left hand)
 p - a ring of poison resistance
 t - a ring of flight
 v - an amulet of reflection (around neck)
 D - a ring of see invisible (right hand)
 M - an amulet of magic regeneration
Talismans
 b - a beast talisman
 c - a flux talisman
 F - a maw talisman (active)
Wands
 I - a wand of flame (5)
 O - a wand of warping (2)
Scrolls
 f - a scroll of revelation
 h - 2 scrolls of amnesia {unknown}
 j - a scroll of poison {unknown}
 k - a scroll of noise {unknown}
 l - 2 scrolls of fear {unknown}
 m - 3 scrolls of enchant weapon {unknown}
 n - 4 scrolls of enchant armour {unknown}
 q - a scroll of butterflies
 r - 4 scrolls of fog
 w - 2 scrolls of immolation
 x - a scroll of torment
 C - a scroll of vulnerability
 G - a scroll of teleportation
 K - a scroll of brand weapon
Potions
 d - a potion of brilliance {unknown}
 e - 3 potions of lignification
 u - a potion of magic
 H - a potion of ambrosia {unknown}
 L - 2 potions of degeneration {unknown}
 N - a potion of mutation


   Skills:
 + Level 8.8 Fighting
 - Level 5.9 Dodging
   Level 0.0 Stealth
 * Level 11.5 Unarmed Combat
 - Level 6.3 Evocations
 + Level 11.2 Shapeshifting


You had 10 spell levels left.
You knew the following spells:

 Your Spells              Type           Power      Damage    Failure   Level
a - Apportation           Tloc           0%         N/A       30%         1

Your spell library contained the following spells:

 Spells                   Type           Power      Damage    Failure   Level
 Sandblast                Erth           0%         2d4       30%         1
 Jinxbite                 Hex            0%         N/A       43%         2
 Dazzling Flash           Conj/Hex       0%         N/A       67%         3
 Mephitic Cloud           Conj/Alch/Air  0%         N/A       67%         3
 Passwall                 Erth           0%         N/A       67%         3
 Stone Arrow              Conj/Erth      0%         3d7       67%         3
 Volatile Blastmotes      Fire/Tloc      0%         2d10      67%         3
 Brom's Barrelling Bould  Conj/Erth      0%         2d3       97%         4
 Leda's Liquefaction      Alch/Erth      0%         N/A       97%         4
 Vhi's Electric Charge    Tloc/Air       0%         N/A       97%         4
 Alistair's Intoxication  Alch           0%         N/A       100%        5
 Curse of Agony           Necr           0%         N/A       100%        5
 Lee's Rapid Deconstruct  Erth           0%         3d4*      100%        5
 Silence                  Hex/Air        0%         N/A       100%        5
 Bombard                  Conj/Erth      0%         9d1       100%        6
 Eringya's Noxious Bog    Alch           0%         4d6       100%        6
 Permafrost Eruption      Ice/Erth       0%         2x4d1     100%        6
 Summon Forest            Summ/Tloc      Unusable   N/A       N/A         5
 Summon Hydra             Summ           Unusable   N/A       N/A         7

Dungeon Overview and Level Annotations

Branches:
Dungeon (12/15)            Temple (0/1) D:4            Lair (0/5) D:10
    Orc (2/2) D:10            Elf (0/3) Orc:2

Altars:
Ashenzari
Cheibriados
Elyvilon
Nemelex Xobeh
Okawaru
Qazlal
Ru
Sif Muna
Trog
Uskayaw
Vehumet
Xom
The Shining One

Shops:
D:10 [*   Orc:1 (   Orc:2 *

Portals:
Bazaar: Orc:2

Annotations:
Orc:2 exclusion: orange crystal statue


Innate Abilities, Weirdness & Mutations

You are a creature with a mouth for a stomach.
Your midsection houses a second, enormous mouth.
You can breathe blasts of antimagic.
Your rich purple scales are hard. (AC +8)
You cannot fit into any form of body armour.
You do not regenerate when monsters are visible.
You are cold-blooded and may be slowed by cold attacks.
You cannot be stealthy.
You are hated by all.
You are slightly weak-willed. (Will-)
You have an increased reservoir of magic. (+10% MP)
Your spells are a little easier to cast, but a little less powerful.


Message History

Unknown command.
The kobold blastminer shoots a bolt.
The bolt hits you!
The kobold blastminer begins to attack, but is stunned by your conviction!
An orc warrior comes into view. It is wielding a +0 orcbow.
The orc warrior shouts!
The kobold blastminer blasts its cannon at you.
You block the iron shot... and reflect it back!
The iron shot hits the kobold blastminer!!
You kill the kobold blastminer!
The orc warrior moves out of view.
The centaur shoots an arrow.
The arrow hits you!
* * * LOW HITPOINT WARNING * * *
The orc shoots an arrow.
The arrow closely misses you.
Unknown command.
Your surroundings suddenly seem different.
The kobold blastminer begins to attack, but is stunned by your conviction!
The orc warrior shoots an arrow.
The arrow misses you.
The centaur is stunned by your conviction and fails to attack.
Unknown command.
The orc warrior shoots an arrow.
The arrow barely misses you.
The orc warrior shoots an arrow.
The arrow misses you.
The orc shoots an arrow.
The arrow hits you.
* * * LOW HITPOINT WARNING * * *
You redirect the orc warrior's attack!
The orc warrior shoots an arrow.
The arrow hits the orc knight.
The centaur shoots an arrow.
The arrow hits you.
* * * LOW HITPOINT WARNING * * *
The orc wizard casts a spell.
The orc wizard flickers and vanishes for a moment.
You redirect the orc's attack!
The orc shoots an arrow.
The arrow hits the orc wizard.
There is a stone staircase leading up, spattered with blood here.
The orc warrior shoots an arrow.
You block the arrow with an invisible shield... and reflect it back!
The arrow barely misses the orc warrior.
The arrow closely misses the orc warrior.
The kobold blastminer begins to attack, but is stunned by your conviction!
The orc knight shoots a bolt.
The bolt hits you!!
You die...
Ru respects your ultimate sacrifice.

##......K............
##....................
#....................$
#......K..............
##...##)..............
#...o##...............
##...oK....)..........
#....coo....[[$..)..K.
#..).W.oo...$[###.....
#..).<.o....[$#oIo....
#.)[[.).o...[.###.....
##..........).........
*#..........o.........
#.............o.......
##.#...#..............
#.....................
#.................oo,,


You could see an orc knight, 2 kobold blastminers, 4 orc warriors, a centaur, an
orc priest, an orc wizard (invisible) and 2 orcs.

Vanquished Creatures
  Erica (D:8)
  2 two-headed ogres
  A deep elf pyromancer (D:9)
  An orc sorcerer (Orc:1)
  A manticore (D:11)
  4 elephants (D:8)
  2 gargoyles
  2 kobold blastminers (Orc:2)
  An unseen horror (D:7)
  2 kobold demonologists (D:9)
  2 komodo dragons
  Psyche (D:8)
  Grinder (D:4)
  3 trolls
  2 hornets
  2 wyverns (D:10)
  A wraith (D:9)
  4 yaks (D:9)
  4 vampire mosquitoes (D:11)
  A warg (Orc:2)
  A steam dragon (D:6)
  Menkaure (D:4)
  Edmund (D:4)
  2 acid dragons
  Duvessa (D:5)
  2 water moccasins
  An ice beast (D:5)
  27 orc warriors
  3 ogres (Orc:1)
  9 centaurs
  A phantom (D:7)
  4 bullfrogs
  9 kobold brigands
  3 wights (D:9)
  7 killer bees (D:9)
  Dowan (D:4)
  9 howler monkeys
  3 bombardier beetles
  3 jellies
  12 orc priests
  A gnoll bouda (D:8)
  Jessica (D:3)
  5 iguanas
  18 orc wizards
  8 gnolls
  7 adders
  A shadow imp (D:5)
  4 white imps
  2 ribbon worms
  3 dart slugs
  49 orcs
  10 ball pythons
  7 endoplasms
  5 giant cockroaches
  5 goblins
  7 hobgoblins
  4 jackals (D:4)
  3 quokkas
  A bat (D:1)
  6 frilled lizards
  27 kobolds
  3 rats
315 creatures vanquished.

Vanquished Creatures (others)
  A boulder beetle (D:11)
  An ogre (D:5)
  A white imp (D:6)
  3 orcs
6 creatures vanquished.

Grand Total: 321 creatures vanquished

Notes
Turn   | Place    | Note
-------+----------+-------------------------------------------
     0 | D:1      | runemasterragnar the Draconian Shapeshifter began the quest
                  | for the Orb.
     0 | D:1      | Reached XP level 1. HP: 16/16 MP: 1/1
   151 | D:1      | Reached XP level 2. HP: 23/23 MP: 2/2
   602 | D:1      | Found a faded altar of an unknown god.
   926 | D:2      | Reached XP level 3. HP: 21/29 MP: 3/3
  1098 | D:2      | Reached skill level 1 in Stealth
  1336 | D:3      | Found a white marble altar of Elyvilon.
  1412 | D:3      | Reached XP level 4. HP: 36/36 MP: 4/4
  1417 | D:3      | Noticed Jessica
  1425 | D:3      | Killed Jessica
  1628 | D:3      | Found a shimmering blue altar of Sif Muna.
  1764 | D:3      | Reached skill level 1 in Evocations
  1895 | D:3      | Found a sacrificial altar of Ru.
  1939 | D:3      | Became a worshipper of Ru the Awakened
  1990 | D:4      | Reached XP level 5. HP: 42/42 MP: 5/5
  2098 | D:4      | Found a sparkling altar of Nemelex Xobeh.
  2191 | D:4      | Noticed Edmund
  2214 | D:4      | Killed Edmund
  2478 | D:4      | Reached XP level 6. HP: 26/50 MP: 6/6
  2603 | D:4      | Found a hazy altar of Hepliaklqana.
  2754 | D:4      | Noticed Grinder
  2769 | D:4      | Killed Grinder
  2770 | D:4      | Reached skill level 5 in Unarmed Combat
  2770 | D:4      | Your scales start taking on a rich purple colour.
  2770 | D:4      | Reached XP level 7. HP: 18/57 MP: 7/7
  2896 | D:4      | Noticed Menkaure
  2906 | D:4      | Killed Menkaure
  2907 | D:4      | Found a shimmering altar of Xom.
  3155 | D:4      | Found a staircase to the Ecumenical Temple.
  3372 | D:5      | Entered Level 5 of the Dungeon
  3485 | D:5      | Noticed Duvessa
  3510 | D:5      | Killed Duvessa
  3513 | D:5      | Noticed Dowan
  3519 | D:5      | HP: 1/58 [Dowan/shard of ice (24)]
  3523 | D:4      | Killed Dowan
  3714 | D:4      | Gained mutation: You are hated by all. [Ru sacrifice]
  3714 | D:4      | Reached * piety under Ru
  4078 | D:5      | Reached XP level 8. HP: 66/66 MP: 8/8
  4256 | D:5      | Found a radiant altar of Vehumet.
  4408 | D:5      | Found a glowing golden altar of the Shining One.
  5208 | D:6      | Identified the +8 whip of Luvucyoj {freeze, rElec rPois
                  | rC+}
  5788 | D:6      | Reached skill level 5 in Shapeshifting
  6064 | D:7      | Reached skill level 5 in Fighting
  6073 | D:7      | Killed an unseen horror
  6074 | D:7      | Reached XP level 9. HP: 8/74 MP: 9/9
  6531 | D:7      | Identified the staff of the Viper {Fly rCorr Earth}
  6541 | D:7      | Gained mutation: You cannot be stealthy. [Ru sacrifice]
  6541 | D:7      | Reached ** piety under Ru
  6926 | D:8      | Noticed an elephant
  6928 | D:8      | Noticed an elephant
  6935 | D:8      | Killed an elephant
  6936 | D:8      | Reached skill level 5 in Evocations
  6946 | D:8      | Killed an elephant
  6947 | D:8      | Reached skill level 5 in Dodging
  7065 | D:8      | Noticed a troll
  7089 | D:8      | Killed a troll
  7345 | D:8      | Noticed an elephant
  7347 | D:8      | Noticed Erica
  7361 | D:8      | Killed an elephant
  7362 | D:8      | Reached XP level 10. HP: 63/84 MP: 10/10
  7382 | D:8      | Killed Erica
  7678 | D:8      | Noticed Psyche
  7691 | D:8      | Killed Psyche
  7714 | D:8      | Noticed an elephant
  7729 | D:8      | Killed an elephant
  8529 | D:9      | Noticed a two-headed ogre
  8539 | D:9      | Killed a two-headed ogre
  8567 | D:9      | Noticed a sixfirhy
  8569 | D:9      | Noticed a soul eater
  8572 | D:9      | Noticed a rust devil
  8573 | D:9      | Gained mutation: Your spells are a little easier to cast,
                  | but a little less powerful. [potion of mutation]
  8573 | D:9      | Gained mutation: You have an increased reservoir of magic.
                  | (+10% MP) [potion of mutation]
  8577 | D:9      | HP: 2/84 [soul eater[a kobold demonologist] (7)]
  8581 | D:9      | Noticed a soul eater
  8590 | D:9      | Noticed a rust devil
  8952 | D:9      | Reached XP level 11. HP: 80/91 MP: 12/12
  9133 | D:9      | Found a stormy altar of Qazlal.
  9144 | D:9      | Noticed a deep elf pyromancer
  9176 | D:9      | Killed a deep elf pyromancer
  9263 | D:9      | Reached skill level 10 in Shapeshifting
  9684 | D:9      | Gained mutation: You are slightly weak-willed. (Will-) [Ru
                  | sacrifice]
  9684 | D:9      | Reached *** piety under Ru
 10030 | D:9      | Identified the staff "Ostesuj" {^Fragile rF+ rN++ Str+3
                  | Stlth+ Fire}
 10065 | D:9      | Found a hide-covered altar of Uskayaw.
 10066 | D:9      | Found an iron altar of Okawaru.
 10068 | D:9      | Found a bloodstained altar of Trog.
 10162 | D:10     | Entered Level 10 of the Dungeon
 10357 | D:10     | Noticed a two-headed ogre
 10367 | D:10     | Killed a two-headed ogre
 10538 | D:10     | Found Irian's Armour Shoppe.
 10607 | D:10     | Found a staircase to the Lair.
 10735 | D:10     | Found a staircase to the Orcish Mines.
 10742 | D:10     | Found a broken altar of Ashenzari.
 10861 | D:10     | Found Fuow's Assorted Antiques.
 10867 | D:10     | Bought a scroll of teleportation for 66 gold pieces
 10867 | D:10     | Bought a scroll labelled OPPUM GUQORGHU for 22 gold pieces
 10867 | D:10     | Bought a fuming silvery potion for 19 gold pieces
 10867 | D:10     | Bought a scroll labelled YLUMEVU DACUIN for 22 gold pieces
 10885 | D:10     | Found a snail-covered altar of Cheibriados.
 10932 | D:10     | Reached skill level 10 in Unarmed Combat
 10946 | D:10     | Learned a level 1 spell: Apportation
 11223 | D:11     | Noticed a boulder beetle
 11241 | D:11     | Killed a boulder beetle
 12549 | D:12     | Noticed a purple ugly thing
 12588 | Orc:1    | Entered Level 1 of the Orcish Mines
 12588 | Orc:1    | Noticed an orc sorcerer
 12594 | Orc:1    | Killed an orc sorcerer
 12856 | Orc:1    | Gained mutation: You do not regenerate when monsters are
                  | visible. [Ru sacrifice]
 12856 | Orc:1    | Reached **** piety under Ru
 12857 | Orc:1    | Found Kainomn's Antique Weapon Shoppe.
 13215 | Orc:2    | Entered Level 2 of the Orcish Mines
 13216 | Orc:2    | Found Nehisy's Gadget Gallery.
 13217 | Orc:2    | Noticed an orc warlord
 13228 | Orc:1    | Reached XP level 12. HP: 79/100 MP: 13/13
 13285 | Orc:2    | Found a flickering gateway to a bazaar.
 13642 | Orc:2    | HP: 3/103 [orc wizard/+0 dagger (3)]
 14042 | Orc:2    | Shot with a bolt by an orc knight

Illustrated notes

Levels and vault maps discovered:
D:1:      nzn_arrival_settlement, layout_basic,
          hellmonk_ecumenical_altar_inner_sanctum
D:2:      layout_rooms
D:3:      layout_basic, mainiacjoe_overflow_catwalk,
          nicolae_ru_the_path_less_chosen, nicolae_overflow_crystal_walls,
          uniq_jessica
D:4:      layout_cave_pods, xom_teletrap_fun, nemelex_dance_club_becter,
          nicolae_hepliaklqana_hippocampus, minmay_temple_entry_glassed_door,
          uniq_edmund, uniq_grinder, uniq_menkaure
D:5:      layout_cave_pools, nicolae_vehumet_altar_sigil,
          nicolae_tso_swordbearing_angel, nicolae_overflow_two_pavilions,
          kennysheep_dice, uniq_duvessa
D:6:      layout_loops_corners
D:7:      layout_rooms, patterned_corridor
D:8:      wad_woods_stonehenge, layout_basic, uniq_psyche, uniq_erica
D:9:      cheibrodos_barr_body, layout_basic, lemuel_crystal_altar,
          grunt_temple_overflow_open, minmay_orc_keep
D:10:     layout_gridville, slow_altar_1, grunt_ashenzari_visionary
          [grunt_ashenzari_visionary_shoals, grunt_ashenzari_visionary_snake],
          david_lair_shrubbed, serial_shops, kennysheep_little_box,
          nicolae_shop_tiny_statue_garden
D:11:     layout_basic, serial_rivers, chequers_serial_rivers_small_a,
          chequers_serial_rivers_room_b, chequers_serial_rivers_room_a,
          chequers_serial_rivers_large_a, kennysheep_generic_room_6
D:12:     cheibrodos_tormentor_scu, layout_cave_pools, hangedman_fish_farm,
          uniq_nergalle, uniq_sonja, uniq_frances, uniq_urug
Orc:1:    layout_caves, serial_shops, shop
Orc:2:    st_orc_rangers, layout_diamond_mine, serial_shops, statue_bzr,
          nicolae_shop_gadgets

Skill      XL: |  1  2  3  4  5  6  7  8  9 10 11 12 |
---------------+-------------------------------------+-----
Dodging        | 2 3 4 5 |  5.9
Fighting       | 2 3 4 5 6 8 |  8.8
Stealth        | 1 2 3 4 0 |  0.0
Unarmed Combat | 4 5 7 8 9 10 11 | 11.5
Evocations     | 1 2 3 4 5 6 |  6.3
Shapeshifting  | 4 5 8 11 | 11.2

Action                     |  1- 3 |  4- 6 |  7- 9 | 10-12 || total
---------------------------+-------+-------+-------+-------++-------
  Melee: Unarmed           |   100 |   104 |   112 |   434 ||   750
         Tailslap          |     7 |    10 |    49 |    75 ||   141
         Punch             |     1 |     4 |     4 |    39 ||    48
         Whip              |       |       |   136 |    97 ||   233
         Maw               |       |       |       |   107 ||   107
 Invoke: Sacrifice Love    |       |       |     1 |       ||     1
         Sacrifice Stealth |       |       |     1 |       ||     1
         Sacrifice Purity  |       |       |       |     1 ||     1
         Sacrifice Essence |       |       |       |     1 ||     1
Ability: Nullifying Breath |       |       |     4 |     4 ||     8
  Evoke: Wand              |       |     1 |     6 |    10 ||    17
    Use: Potion            |       |     1 |     3 |     8 ||    12
         Scroll            |       |       |     4 |     8 ||    12
   Stab: Sleeping          |     2 |     3 |     5 |       ||    10
         Invisible         |       |     3 |     1 |     1 ||     5
         Distracted        |       |       |       |     1 ||     1
 Armour: Skin              |    27 |    50 |   129 |   275 ||   481
  Dodge: Dodged            |    59 |    57 |   190 |   391 ||   697
  Block: Other             |       |       |    47 |   110 ||   157
         Reflection        |       |       |     2 |    18 ||    20
   Form: Maw               |       |       |       |     1 ||     1

Table legend: (Time is in decaauts)
 A = Elapsed time spent in this place.
 B = Non-inter-level travel time spent in this place.
 C = Inter-level travel time spent in this place.
 D = Time resting spent in this place.
 E = Time spent auto-exploring this place.
 F = Levels seen in this place.
 G = Mean time per level.
                   A        B        C        D        E       F      G
               +--------+--------+--------+--------+--------+-----+--------+
         Total |  14015 |  13572 |    443 |   3297 |   8161 |  14 | 1001.1 |
       Dungeon |  12819 |  12386 |    433 |   2643 |   7954 |  12 | 1068.2 |
  Orcish Mines |   1196 |   1186 |     10 |    654 |    207 |   2 |  598.0 |
               +--------+--------+--------+--------+--------+-----+--------+

Top non-repeatable levels by time:
     D:4: 1806 daAuts
     D:9: 1674 daAuts
     D:8: 1594 daAuts
     D:6: 1407 daAuts
    D:11: 1362 daAuts
    D:10: 1285 daAuts
   Orc:1: 1027 daAuts
     D:7: 920 daAuts
     D:1: 905 daAuts
     D:5: 813 daAuts
     D:3: 624 daAuts
     D:2: 422 daAuts
   Orc:2: 168 daAuts
    D:12: 3 daAuts
